 Dungeon Crawl Stone Soup version 0.26-a0-844-g3dd439832f (webtiles) character file.

Game seed: 15922802164689037328

19 pablito the Charlatan (level 2, -17/21 HPs)
             Began as a Demonspawn Artificer on Nov 18, 2020.
             Demolished by Menkaure (20 damage)
             ... on level 2 of the Dungeon.
             The game lasted 00:06:37 (2025 turns).

pablito the Charlatan (Demonspawn Artificer)        Turns: 2025, Time: 00:06:38

Health: -17/21     AC:  3    Str: 12    XL:     2   Next: 55%
Magic:  3/3        EV: 11    Int: 12    God:
Gold:   104        SH:  0    Dex: 13    Spells: 2/2 levels left

rFire    . . .     SeeInvis .   a - +0 mace
rCold    . . .     Faith    .   (no shield)
rNeg     . . .     Spirit   .   b - +0 leather armour
rPois    .         Reflect  .   (helmet restricted)
rElec    .         Harm     .   (no cloak)
rCorr    .         Rampage  .   (no gloves)
MR       .....                  (no boots)
Stlth    +.........             (no amulet)
HPRegen  0.07/turn              (no ring)
MPRegen  0.08/turn              (no ring)

@: no status effects
A: antennae 1
a: no special abilities


You were on level 2 of the Dungeon.
You visited 1 branch of the dungeon, and saw 2 of its levels.

You collected 104 gold pieces.

Inventory:

Hand Weapons
 a - a +0 mace (weapon)
 r - the +8 mace of Scorn {pain, +Fly rF+ rN+, unknown}
   (You found it on level 2 of the Dungeon)

   In the hands of one skilled in necromantic magic, it inflicts extra damage on
   living creatures.
   It protects you from fire.
   It protects you from negative energy.
   It lets you fly.
Missiles
 g - 42 arrows
 i - 49 bolts
 k - 14 poisoned darts (quivered)
Armour
 b - a +0 leather armour (worn)
 o - a +0 plate armour
Jewellery
 m - an uncursed ring of positive energy {unknown}
Wands
 c - a wand of flame (12)
 d - a wand of enslavement (15)
 e - a wand of random effects (15)
Scrolls
 h - a scroll of magic mapping {unknown}
 n - a scroll of identify {unknown}
 q - 2 scrolls of amnesia
Potions
 j - a potion of cancellation {unknown}
 l - a potion of degeneration {unknown}
 p - a potion of berserk rage {unknown}


   Skills:
 + Level 1.5 Fighting
 + Level 0.3 Maces & Flails
 - Level 2.0 Armour
 - Level 1.0 Dodging
 - Level 0.8 Stealth
 + Level 0.7 Spellcasting
 + Level 3.2 Evocations


You had 2 spell levels left.
You didn't know any spells.
Your spell library was empty.

Dungeon Overview and Level Annotations

Branches:
Dungeon (2/15)

Altars:
Kikubaaqudgha
Yredelemnul

Annotations:
D:2 Menkaure


Innate Abilities, Weirdness & Mutations

You have a pair of small antennae on your head.


Message History

The bat skeleton closely misses you! x2
Menkaure giggles, "These cerements are ticklish!!!"
The bat skeleton closely misses you!
There is a transporter here!
You enter the transporter and appear at another place!
The bat skeleton barely misses you! The bat skeleton hits you!
The adder skeleton bites you! * * * don't die
* * * Menkaure calls on the powers of darkness!!!
Your body is wracked with pain!!! * * * don't die
* * *
Okay, then!
As you read the scroll of fear, it crumbles to dust!
You assume a fearsome visage!
The adder skeleton is unaffected!
Menkaure is unaffected!
The bat skeleton is unaffected!
The bat skeleton barely misses you! x2; The adder skeleton barely misses you!
The bat skeleton hits you but does no damage!
Menkaure hits you!!!!!!
DANG rip

......##.#.....####.##.##........
.#...............##. #.##.#####..
#.#############.##. #.##.# #..
.#.#...........#.##. #.##.# #..
.#.#..........?#.##.##.##.# #..
.#.#..###.###.$#.##.......#####..
.#.#..#8#.#8#._#.#####.##...)....
...#..M......."#ZZ####.##.##.....
..©#...M.©....⌠#@.......#.##.#.#.
#..#....!.....[#M.####...........
##.#..#8#.#8#._#.## #.(#.##.#...
#.#..###M###.$#.# #..#.##.#.#.
#.#...........#.# #.........#.
#.#..........§#.# #.##.##.....
#.#############.# #.##.##.###.
#...............# #.......# #.
################# #.......###.


You could see Menkaure (fast), a bat skeleton and an adder skeleton.

Vanquished Creatures
  A leopard gecko (D:1)
  A giant cockroach (D:1)
  2 goblins (D:2)
  4 hobgoblins
  4 bats
  2 frilled lizards (D:2)
  2 kobolds (D:1)
  2 rats (D:1)
18 creatures vanquished.

Notes
Turn   | Place    | Note
-------+----------+-------------------------------------------
     0 | D:1      | pablito the Demonspawn Artificer began the quest for the
                  | Orb.
     0 | D:1      | Reached XP level 1. HP: 15/15 MP: 1/1
   342 | D:1      | Reached skill level 1 in Dodging
  1060 | D:1      | Gained mutation: You have a pair of small antennae on your
                  | head. [demonic ancestry]
  1060 | D:1      | Reached XP level 2. HP: 21/21 MP: 2/2
  1377 | D:2      | Found a transporter.
  1946 | D:2      | Found a basalt altar of Yredelemnul.
  1946 | D:2      | Found an ancient bone altar of Kikubaaqudgha.
  1947 | D:2      | Noticed Menkaure
  1949 | D:2      | Found a transporter.
  2022 | D:2      | Got a smoking mace
  2025 | D:2      | Demolished by Menkaure

Illustrated notes

Levels and vault maps discovered:
D:1:      psy_arrival_terrarium, layout_basic, serial_corexii_hall,
          corexii_hall_statues_l, corexii_hall_statues_i,
          corexii_hall_statues_s, corexii_hall_statues_l,
          corexii_hall_statues_l, corexii_hall_statues_l
D:2:      layout_loops_cross, gammafunk_temple_of_torment

Skill      XL: |  1 |
---------------+----+-----
Dodging        | 1 |  1.0
Armour         | 2 |  2.0
Fighting       | |  1.5
Maces & Flails | |  0.3
Stealth        | |  0.8
Spellcasting   | |  0.7
Evocations     | |  3.2

Action                   || total
-------------------------++-------
Melee: Club              ||    47
       Mace              ||    38
Evoke: Wand              ||     3
  Use: Scroll            ||     3
 Stab: Sleeping          ||     1
Armor: Leather armour    ||    38
Dodge: Dodged            ||    81

Table legend: (Time is in decaauts)
 A = Elapsed time spent in this place.
 B = Non-inter-level travel time spent in this place.
 C = Inter-level travel time spent in this place.
 D = Time resting spent in this place.
 E = Time spent auto-exploring this place.
 F = Levels seen in this place.
 G = Mean time per level.
                   A        B        C        D        E       F      G
               +--------+--------+--------+--------+--------+-----+--------+
         Total |   2054 |   2015 |     39 |    124 |   1533 |   2 | 1027.0 |
       Dungeon |   2054 |   2015 |     39 |    124 |   1533 |   2 | 1027.0 |
               +--------+--------+--------+--------+--------+-----+--------+

Top non-repeatable levels by time:
     D:1: 1371 daAuts
     D:2: 682 daAuts
